AoeStats
← davidbanegasr

Black Forest

508349178Analyzed
3v3 RM · 10d ago on Sep 22, 2026· 46m 53s· 6 players
Game mode
Random Map
Map size
Normal (6 player)
Population
200
Speed
Normal
Resources
Standard
Victory
Conquest
Starting age
Dark Age
Ending age
Imperial Age
RankedLock teamsTeams togetherTeam positionsShared explorationLock speedFull tech treeHidden civsTurbo modeCheats
Victory
Defeat
🇧🇴 Teutons · Bolivia
715
+12
🇦🇷 Hindustanis · Argentina
707
+26
🇨🇦 Bohemians · Canada
707
+12
🇺🇸 Huns · United States
630
-12
🇺🇸 Magyars · United States
630
-12
🇺🇸 Britons · United States
624
-12
CaptainKruschel
0:58 Loom
14:54 Feudal Age
15:47 Double-Bit Axe
15:46 Horse Collar
18:00 Wheelbarrow
19:16 Gold Mining
19:18 Stone Mining
26:33 Castle Age
25:05 Fletching
25:17 Padded Archer Armor
25:51 Bloodlines
26:38 Scale Barding Armor
28:30 Bow Saw
28:25 Heavy Plow
29:06 Gold Shaft Mining
28:36 Caravan
29:40 Bodkin Arrow
31:23 Husbandry
31:43 Leather Archer Armor
31:50 Chain Barding Armor
33:11 Hand Cart
35:29 Thumb Ring
36:31 Corvinian Army
42:42 Imperial Age
44:14 Recurve Bow
45:14 Heavy Cavalry Archer
47:13 Plate Barding Armor
Karma
8:46 Loom
11:00 Feudal Age
18:02 Castle Age
16:38 Double-Bit Axe
17:26 Horse Collar
17:53 Gold Mining
20:54 Bow Saw
25:43 Stone Mining
26:32 Gold Shaft Mining
26:00 Heavy Plow
27:19 Fervor
28:17 Fortified Wall
31:59 Imperial Age
30:40 Ballistics
30:23 Padded Archer Armor
30:13 Fletching
30:34 Forging
30:24 Scale Mail Armor
30:25 Town Watch
32:03 Squires
31:24 Pikeman
31:50 Arson
33:04 Leather Archer Armor
32:45 Bodkin Arrow
33:29 Iron Casting
33:30 Conscription
35:32 Chemistry
34:48 Halberdier
35:46 Bracer
36:05 Chain Mail Armor
36:58 Two-Man Saw
36:33 Husbandry
35:54 Light Cavalry
39:20 Blast Furnace
38:51 Ring Archer Armor
38:56 Plate Mail Armor
39:55 Guilds
40:43 Elite Longbowman
Big E
6:58 Loom
15:55 Feudal Age
17:37 Wheelbarrow
20:45 Double-Bit Axe
23:21 Castle Age
23:39 Scale Barding Armor
23:46 Forging
25:07 Bow Saw
25:22 Chain Barding Armor
26:34 Padded Archer Armor
30:08 Gold Mining
30:09 Stone Mining
31:27 Hand Cart
32:29 Leather Archer Armor
32:05 Fletching
33:29 Thumb Ring
36:44 Bodkin Arrow
37:38 Gold Shaft Mining
41:00 Imperial Age
38:25 Horse Collar
39:16 Ballistics
39:57 Caravan
40:43 Iron Casting
40:15 Husbandry
40:27 Bloodlines
madagascart
3:21 Loom
12:31 Feudal Age
17:57 Castle Age
17:42 Double-Bit Axe
17:52 Horse Collar
24:32 Wheelbarrow
24:49 Forging
25:55 Fervor
30:56 Imperial Age
31:52 Chemistry
31:32 Scale Mail Armor
32:08 Iron Casting
31:22 Town Watch
33:12 Wagenburg Tactics
35:14 Heavy Plow
36:24 Chain Mail Armor
37:10 Blast Furnace
39:07 Bow Saw
40:14 Elite Hussite Wagon
Mielosa
11:10 Feudal Age
10:56 Loom
13:47 Double-Bit Axe
15:59 Horse Collar
18:31 Town Watch
22:26 Castle Age
22:03 Fletching
22:24 Forging
22:20 Scale Barding Armor
22:35 Stone Mining
22:35 Gold Mining
23:14 Elite Skirmisher
25:06 Chain Barding Armor
25:54 Bloodlines
34:07 Imperial Age
32:08 Husbandry
33:41 Grand Trunk Road
35:17 Iron Casting
34:27 Heavy Camel Rider
39:44 Blast Furnace
41:04 Plate Barding Armor
42:29 Imperial Camel Rider
46:42 Shatagni
davidbanegasr
1:06 Loom
14:04 Feudal Age
16:00 Wheelbarrow
15:13 Double-Bit Axe
15:17 Horse Collar
27:50 Castle Age
28:03 Stone Mining
28:03 Gold Mining
29:32 Hand Cart
29:41 Bow Saw
30:41 Heavy Plow
32:52 Caravan
36:17 Fortified Wall
40:19 Imperial Age
38:31 Forging
38:21 Scale Mail Armor
38:33 Town Watch
38:11 Pikeman
40:49 Iron Casting
40:30 Chain Mail Armor
42:04 Chemistry
40:38 Halberdier
41:16 Onager
44:59 Two-Man Saw
44:40 Crop Rotation
44:42 Siege Engineers
47:19 Blast Furnace
46:49 Plate Mail Armor
Connection lost

Rejoining the realm…

Still unreachable

The connection could not be restored.

Session expired

The server has moved on; the page needs a fresh start.